 Dungeon Crawl Stone Soup version 0.21.1-1-g345015f (webtiles) character file.

64 inc the Chiller (level 3, -1/14 HPs)
             Began as a Felid Ice Elementalist on Mar 3, 2018.
             Killed from afar by Natasha (7 damage)
             ... with a magic dart
             ... on level 2 of the Dungeon.
             The game lasted 00:02:47 (1534 turns).

inc the Chiller (Felid Ice Elementalist)            Turns: 1534, Time: 00:02:47

Health: -1/14      AC:  1    Str:  4    XL:     3   Next: 91%
Magic:  7/7        EV: 18    Int: 17    God:
Gold:   138        SH:  0    Dex: 16    Spells: 5/6 levels left
                                        Lives:  0   Deaths: 0

rFire    . . .     SeeInvis +   (weapon unavailable)
rCold    . . .     Gourm    .   (shield unavailable)
rNeg     . . .     Faith    .   (armour unavailable)
rPois    .         Spirit   .   (helmet unavailable)
rElec    .         Reflect  .   (cloak unavailable)
rCorr    .         Harm     .   (gloves unavailable)
MR       .....                  (boots unavailable)
Stlth    +++.......             (no amulet)
HPRegen  0.04/turn              (no ring)
MPRegen  0.10/turn              (no ring)

@: quick
A: very small, no armour, no weapons or thrown items, stealth, claws 1, fangs 3,
see invisible, carnivore, speed 1, shaggy fur 1, slow metabolism 1, sharp paws
a: no special abilities


You were on level 2 of the Dungeon.
You were not hungry.

You visited 1 branch of the dungeon, and saw 2 of its levels.

You collected 138 gold pieces.

Inventory:

Jewellery
 f - a cursed -3 ring of strength {unknown}
Scrolls
 c - a scroll of enchant weapon {unknown}
 d - 2 scrolls of teleportation {unknown}
 e - a scroll of remove curse {unknown}
 i - a scroll of random uselessness {unknown}
 j - a scroll of magic mapping {unknown}
Potions
 g - 2 potions of curing {unknown}
 h - a potion of haste {unknown}
 k - a potion of might {unknown}
 l - a potion of mutation {unknown}
Books
 a - a book of Frost

   Spells                             Type                      Level
   a - Freeze                         Ice                          1
   b - Throw Frost                    Conjuration/Ice              2
   c - Ozocubu's Armour               Charms/Ice                   3
   d - Throw Icicle                   Conjuration/Ice              4
   e - Summon Ice Beast               Ice/Summoning                4
Comestibles
 b - 2 rations


   Skills:
 - Level 2.7 Dodging
 - Level 2.9 Stealth
 + Level 0.0 Unarmed Combat
 - Level 2.1 Spellcasting
   Level 0.8 Conjurations
 - Level 4.2 Ice Magic


You had 5 spell levels left.
You knew the following spells:

 Your Spells              Type           Power        Failure   Level  Hunger
a - Freeze                Ice            ###.         3%          1    #......


Dungeon Overview and Level Annotations

Branches:
Dungeon (2/15)

Altars:

Annotations:
D:2 Natasha


Innate Abilities, Weirdness & Mutations

You cannot wear armour.
You are incapable of wielding weapons or throwing items.
Your paws allow you to move quietly. (Stealth)
You have sharp claws.
You have razor-sharp teeth.
You have supernaturally acute eyesight. (SInv)
You are carnivorous and can eat meat at any time.
You cover ground quickly.
You are covered in fur. (AC +1)
You have a slow metabolism.
Your sharp claws are effective at attacking unaware monsters.


Message History

You climb downwards.
There is a stone staircase leading up here.
A goblin comes into view.
A goblin is nearby!
The helpless goblin fails to defend itself.
You scratch the goblin.
You kill the goblin!
You see here a goblin corpse.
Natasha, Servant of Life and Death comes into view.
Natasha is nearby!
Natasha hisses angrily.
Natasha stares at you and mumbles some strange words.
The magic dart hits you!
Ouch! That really hurt!
Natasha casts a spell at you. You resist with some effort.
Natasha casts a spell at you. The magic dart hits you!
Ouch! That really hurt!
You die...

.## #.# .h#
#.# #.# #.####
#.# #..... #.#
###### #.# #.#
#.# #@#
#.############
#............#
############.#
#.# #.# #.#
#.# ### #.#
#..


You could see Natasha.

Vanquished Creatures
  Natasha (D:2)
  A dart slug (D:1)
  A leopard gecko (D:1)
  A ball python (D:1)
  3 giant cockroaches (D:1)
  9 goblins
  A hobgoblin (D:1)
  4 jackals (D:1)
  A kobold (D:2)
  A quokka (D:2)
  4 bats
  A frilled lizard (D:1)
  5 rats
33 creatures vanquished.

Notes
Turn   | Place    | Note
-------+----------+-------------------------------------------
     0 | D:1      | inc the Felid Ice Elementalist began the quest for the Orb.
     0 | D:1      | Reached XP level 1. HP: 7/7 MP: 4/4
   268 | D:1      | Reached skill level 3 in Ice Magic
   271 | D:1      | Reached XP level 2. HP: 10/11 MP: 4/6
   508 | D:2      | Noticed Natasha
   886 | D:1      | Reached XP level 3. HP: 14/14 MP: 5/7
  1207 | D:2      | Killed Natasha
  1207 | D:2      | Reached skill level 4 in Ice Magic
  1530 | D:2      | Noticed Natasha
  1534 | D:2      | Killed from afar by Natasha

Skill      XL: |  1  2  3 |
---------------+----------+-----
Ice Magic      | 3 4 |  4.2
Dodging        | |  2.7
Stealth        | |  2.9
Spellcasting   | |  2.1
Conjurations   | |  0.8

Action                   || total
-------------------------++-------
Melee: Unarmed           ||    26
       Bite              ||     3
 Cast: Freeze            ||    37
 Stab: Sleeping          ||     7
  Eat: Chunk             ||     1
Armor: Skin              ||     1
Dodge: Dodged            ||    48
